 Dungeon Crawl Stone Soup version 0.25.1-8-g42b30a86e7 (webtiles) character file.

Game seed: 3681976596099592512

37 KamiKatze the Shield-Bearer (level 3, 0/29 HPs)
             Began as a Formicid Fighter on Dec 27, 2020.
             Killed from afar by a white imp (2 damage)
             ... with a puff of frost
             ... summoned by Natasha
             ... on level 2 of the Dungeon.
             The game lasted 00:03:53 (864 turns).

KamiKatze the Shield-Bearer (Formicid Fighter)       Turns: 864, Time: 00:03:54

Health: 0/29       AC:  8    Str: 21    XL:     3   Next: 60%
Magic:  3/3        EV:  8    Int:  7    God:
Gold:   70         SH:  9    Dex: 10    Spells: 2/2 levels left

rFire    . . .     SeeInvis +   a - +0 war axe
rCold    . . .     Gourm    .   c - +0 kite shield
rNeg     . . .     Faith    .   b - +0 scale mail
rPois    .         Spirit   .   (helmet unavailable)
rElec    .         Reflect  .   (no cloak)
rCorr    .         Harm     .   (no gloves)
MR       .....                  e - +0 pair of boots
Stlth    ..........             (no amulet)
HPRegen  0.09/turn              (no ring)
MPRegen  0.08/turn              (no ring)

@: no status effects
A: permanent stasis, dig shafts and tunnels, four strong arms, antennae 3
a: Dig, Shaft Self


You were on level 2 of the Dungeon.
You were not hungry.

You visited 1 branch of the dungeon, and saw 2 of its levels.

You collected 70 gold pieces.

Inventory:

Hand Weapons
 a - a +0 war axe (weapon)
Missiles
 h - 7 curare-tipped darts
 i - 39 stones (quivered)
 q - 15 arrows
Armour
 b - a +0 scale mail (worn)
 c - a +0 kite shield (worn)
 e - a +0 pair of boots (worn)
Scrolls
 g - 2 scrolls of immolation {unknown}
 m - 2 scrolls of remove curse {unknown}
 o - a scroll of enchant armour {unknown}
 p - a scroll of fear {unknown}
Potions
 d - a potion of might
 k - a potion of curing {unknown}
 l - 2 potions of resistance {unknown}
 n - a potion of heal wounds {unknown}
 r - a potion of degeneration {unknown}
Comestibles
 f - 3 rations
 j - 3 chunks of flesh


   Skills:
 + Level 3.6 Fighting
 * Level 2.6 Axes
 + Level 3.5 Armour
 * Level 4.2 Shields


You had 2 spell levels left.
You didn't know any spells.
Your spell library was empty.

Dungeon Overview and Level Annotations

Branches:
Dungeon (2/15)

Altars:

Annotations:
D:2 Natasha


Innate Abilities, Weirdness & Mutations

You cannot be hasted, slowed, berserked, paralysed or teleported.
You can dig through walls and to a lower floor.
Your four strong arms can wield two-handed weapons with a shield.
You have a pair of large antennae on your head. (SInv)


Message History

Natasha is severely wounded.
You hit the white imp.
You kill the white imp!
You closely miss the white imp. The white imp gestures at you.
The puff of frost hits you!
* * * LOW HITPOINT WARNING * * *
Natasha stares at you and mumbles some strange words.
The magic dart hits you.
* * * LOW HITPOINT WARNING * * *
The white imp gestures at you.
The puff of frost hits you but does no damage.
You closely miss Natasha.
Natasha is severely wounded.
You hit the white imp but do no damage.
Natasha zaps a wand.
The puff of flame hits you.
* * * LOW HITPOINT WARNING * * *
The white imp gestures at you. The puff of frost hits you.
You die...

# #.
#.##.####
#.......#
#.....@5#
#.##!..h..#
...###.###
### .# .#
.# .# ##


You could see Natasha and a white imp (summoned).

Vanquished Creatures
  2 adders
  A dart slug (D:1)
  A giant cockroach (D:2)
  5 goblins (D:1)
  A hobgoblin (D:1)
  2 kobolds (D:1)
  4 bats (D:1)
  A frilled lizard (D:1)
  A rat (D:1)
18 creatures vanquished.

Notes
Turn   | Place    | Note
-------+----------+-------------------------------------------
     0 | D:1      | KamiKatze the Formicid Fighter began the quest for the Orb.
     0 | D:1      | Reached XP level 1. HP: 18/18 MP: 1/1
   279 | D:1      | Reached XP level 2. HP: 24/24 MP: 2/2
   468 | D:1      | Reached skill level 4 in Shields
   782 | D:2      | Reached XP level 3. HP: 22/29 MP: 3/3
   843 | D:2      | Noticed Natasha
   864 | D:2      | Killed from afar by a white imp

Illustrated notes

Levels and vault maps discovered:
D:1:      dpeg_arrival_rhombus, layout_basic, minmay_misc_feat_rows,
          minmay_hexomino_p4
D:2:      layout_loops_cross, lemuel_crystal_altar, uniq_natasha

Skill      XL: |  1  2 |
---------------+-------+-----
Shields        | 4 |  4.2
Fighting       | |  3.6
Axes           | |  2.6
Armour         | |  3.5

Action                   || total
-------------------------++-------
Melee: War axe           ||    85
Throw: Stone             ||     1
Armor: Scale mail        ||    45
Dodge: Dodged            ||    34
Block: Kite shield       ||    50
